 Dungeon Crawl Stone Soup version 0.29.1-2-gbd0b4ee654 (webtiles) character file.

Game seed: 11959686574381935938

84 Avanven the Ruffian (level 4, 0/40 HPs)
             Began as a Troll Transmuter on Nov 7, 2022.
             Slain by a goblin
             ... wielding a +0 dagger
             ... led by Robin
              (5 damage)
             ... on level 2 of the Dungeon.
             The game lasted 00:01:30 (606 turns).

Avanven the Ruffian (Troll Transmuter)               Turns: 606, Time: 00:01:30

Health: 0/40       AC:  4    Str: 20    XL:     4   Next: 23%
Magic:  2/4        EV:  9    Int:  9    God:
Gold:   85         SH:  0    Dex: 10    Spells: 4/5 levels left

rFire   . . .      SeeInvis .     - Unarmed
rCold   . . .      Faith    .   (no shield)
rNeg    . . .      Spirit   .   a - +0 robe
rPois   .          Reflect  .   (helmet currently unavailable)
rElec   .          Harm     .   (no cloak)
rCorr   .          Rampage  .   (gloves unavailable)
Will    .....                   (boots unavailable)
Stlth   +.........              (no amulet)
HPRegen 0.93/turn               (no ring)
MPRegen 0.09/turn               (no ring)

@: appendages (expiring)
A: horns 2, talons 2, large, unfitting armour, claws 3, regeneration 1, shaggy
fur 1, tough skin 1
a: End Transformation


You were on level 2 of the Dungeon.
You had temporarily grown beastly horns and talons.
You visited 1 branch of the dungeon, and saw 2 of its levels.

You collected 85 gold pieces.

Inventory:

Armour
 a - a +0 robe (worn)
 h - a +0 kite shield
Scrolls
 c - 2 scrolls of teleportation {unknown}
 f - a scroll of identify {unknown}
Potions
 b - a potion of lignification
 d - 3 potions of mutation {unknown}
 e - 2 potions of brilliance {unknown}
 g - a potion of degeneration {unknown}


   Skills:
 - Level 0.7 Fighting
 - Level 1.5 Dodging
 * Level 4.5 Unarmed Combat
 - Level 1.2 Spellcasting
 + Level 2.2 Transmutations


You had 4 spell levels left.
You knew the following spells:

 Your Spells              Type           Power      Damage    Failure   Level
a - Beastly Appendage     Tmut           8%         N/A       14%         1

Your spell library contained the following spells:

 Spells                   Type           Power      Damage    Failure   Level
 Wereblood                Tmut           4%         N/A       22%         2
 Static Discharge         Conj/Air       0%         3-3/arc   50%         2
 Spider Form              Tmut/Pois      2%         N/A       56%         3
 Ice Form                 Ice/Tmut       2%         N/A       92%         4
 Dispel Undead            Necr           0%         3d6       98%         4
 Sticky Flame             Conj/Fire      0%         2d3       98%         4


Dungeon Overview and Level Annotations

Branches:
Dungeon (2/15)

Altars:


Innate Abilities, Weirdness & Mutations

You have temporarily grown beastly horns and talons.
You are too large for most types of armour.
You have claws for hands.
Your natural rate of healing is unusually fast.
You are covered in fur. (AC +1)
You have tough skin. (AC +1)


Message History

You kill the goblin!
Your transformation is almost over.
Unknown command.
You claw the goblin!
You kill the goblin!
The goblin hits you with a +0 dagger. x2; Robin throws the goblin at you!
You claw the orc!
You kill the orc!
The goblin barely misses you.
The goblin hits you with a +0 dagger. x2
The goblin closely misses you.
You are too injured to fight recklessly!
You are too injured to fight recklessly!
Unknown command.
You are too injured to fight recklessly!
You are too injured to fight recklessly!
You scratch Robin. You claw Robin. Your headbutt misses Robin.
Robin is heavily wounded.
The goblin hits you with a +0 dagger. x2; The goblin closely misses you.
Robin throws the goblin at you! The goblin hits you with a +0 dagger.
You scratch Robin. You claw Robin, but do no damage.
Your headbutt misses Robin.
Robin is almost dead.
The goblin hits you with a +0 dagger.
* * * LOW HITPOINT WARNING * * *
The goblin hits you with a +0 dagger.
* * * LOW HITPOINT WARNING * * *
The goblin hits you but does no damage. The goblin closely misses you.
Robin closely misses you.
You scratch Robin but do no damage. You claw Robin.
You kill Robin!
The goblin hits you but does no damage. x2
The goblin hits you with a +0 dagger.
* * * LOW HITPOINT WARNING * * *
The goblin closely misses you. The goblin attacks as you move away!
The goblin barely misses you. The goblin hits you with a +0 dagger.
* * * LOW HITPOINT WARNING * * *
Items here: )) [[ †.
The goblin attacks as you move away! The goblin hits you with a +0 dagger.
You die...

........# ........##
.......... .........
......... ........#
........## ##....)@.#
......ggg# .......g.###
####### ...........#
#...).# .......$##.#
####.###.# ........##.##
#....# #<# ............#
#.##.# ###
............###.##'#####
#####..(....)..(#.......


You could see 4 goblins.

Vanquished Creatures
  Terence (D:2)
  Robin (D:2)
  A gnoll (D:1)
  An orc (D:2)
  A bat (D:1)
  3 endoplasms (D:1)
  A giant cockroach (D:1)
  11 goblins
  3 hobgoblins
  A kobold (D:1)
  3 quokkas
  A ball python (D:2)
  A frilled lizard (D:1)
  2 rats (D:1)
31 creatures vanquished.

Notes
Turn   | Place    | Note
-------+----------+-------------------------------------------
     0 | D:1      | Avanven the Troll Transmuter began the quest for the Orb.
     0 | D:1      | Reached XP level 1. HP: 18/18 MP: 1/1
    94 | D:1      | Reached XP level 2. HP: 26/26 MP: 2/2
   212 | D:1      | Found a faded altar of an unknown god.
   269 | D:1      | Reached XP level 3. HP: 28/32 MP: 3/3
   553 | D:2      | Noticed Terence
   560 | D:2      | Killed Terence
   561 | D:2      | Reached skill level 4 in Unarmed Combat
   592 | D:2      | Noticed Robin
   599 | D:2      | Reached XP level 4. HP: 29/40 MP: 2/4
   604 | D:2      | Killed Robin
   606 | D:2      | Slain by a goblin

Illustrated notes

Levels and vault maps discovered:
D:1:      sevenhm_arrival_forest_fort_large_2, layout_rooms,
          ebering_ecumenical_altar_ruins, minmay_misc_feat_tiny
D:2:      layout_basic, nrook_uturn, uniq_jessica, uniq_terence, uniq_robin

Skill      XL: |  1  2  3 |
---------------+----------+-----
Unarmed Combat | 4 |  4.5
Transmutations | 2 |  2.2
Fighting       | |  0.7
Dodging        | |  1.5
Spellcasting   | |  1.2

Action                   |  1- 3 |  4- 6 || total
-------------------------+-------+-------++-------
Melee: Unarmed           |    47 |     6 ||    53
       Headbutt          |     2 |     1 ||     3
       Punch             |     1 |       ||     1
       Kick              |       |     3 ||     3
 Cast: Beastly Appendage |     5 |       ||     5
Armor: Robe              |    12 |     4 ||    16
Dodge: Dodged            |    21 |     7 ||    28
